 Dungeon Crawl Stone Soup version 0.30-a0-743-gbfdf073431 (webtiles) character file.

Game seed: 15807607366906633756

1973 Lavandula the Slicer (level 9, 0/63 HPs)
             Began as a Human Monk on Feb 6, 2023.
             Was a Believer of Elyvilon.
             Slain by an orc warrior
             ... wielding a +0 trident
              (13 damage)
             ... on level 7 of the Dungeon.
             The game lasted 00:12:32 (6505 turns).

Lavandula the Slicer (Human Monk)                   Turns: 6505, Time: 00:12:33

Health: 0/63       AC:  5    Str: 16    XL:     9   Next: 43%
Magic:  5/13       EV: 13    Int: 11    God:    Elyvilon [**....]
Gold:   392        SH:  0    Dex: 15    Spells: 8/8 levels left

rFire   . . .      SeeInvis .    m - +1 dagger (venom)
rCold   . . .      Faith    +    (no shield)
rNeg    . . .      Spirit   .    e - +1 leather armour {rPois}
rPois   +          Reflect  .    (no helmet)
rElec   .          Harm     .    (no cloak)
rCorr   .          Rampage  .    w - +0 pair of gloves
Will    .....                    (no boots)
Stlth   ++                       C - amulet of faith
HPRegen 0.30/turn                (no ring)
MPRegen 0.13/turn                (no ring)

@: no status effects
A: no striking features
a: Renounce Religion, Purification, Heal Other


You were on level 7 of the Dungeon.
You worshipped Elyvilon.
Elyvilon was pleased with you.
You visited 2 branches of the dungeon, and saw 8 of its levels.

You collected 392 gold pieces.

Inventory:

Hand Weapons
 a - a +0 falchion
 d - a +1 dagger of freezing
 m - a +1 dagger of venom (weapon)
Armour
 e - a +1 leather armour of poison resistance (worn)
 w - a +0 pair of gloves (worn)
Jewellery
 h - a ring of ice
 l - a ring of wizardry
 C - an amulet of faith (around neck)
Wands
 r - a wand of charming (6)
Scrolls
 f - a scroll of torment {unknown}
 g - 3 scrolls of magic mapping {unknown}
 i - 3 scrolls of enchant armour {unknown}
 o - 4 scrolls of immolation {unknown}
 q - a scroll of identify
 t - a scroll of amnesia {unknown}
 u - 2 scrolls of vulnerability {unknown}
Potions
 b - a potion of resistance {unknown}
 c - 2 potions of ambrosia
 j - 6 potions of curing
 k - a potion of haste {unknown}
 n - 2 potions of attraction {unknown}
 p - a potion of berserk rage {unknown}
 s - a potion of brilliance {unknown}
 v - 2 potions of mutation {unknown}
 z - a potion of cancellation {unknown}
 B - 2 potions of degeneration {unknown}
 E - 2 potions of flight {unknown}
 F - a potion of might {unknown}


   Skills:
 - Level 3.0 Fighting
 - Level 9.8(10.1) Short Blades
 - Level 3.7(7.2) Long Blades
 - Level 3.8 Dodging
 - Level 2.0 Stealth
 + Level 5.8 Invocations


You had 8 spell levels left.
You didn't know any spells.
Your spell library contained the following spells:

 Spells                   Type           Power      Damage    Failure   Level
 Cigotuvi's Dreadful Rot  Necr/Pois/Air  0%         N/A       54%         2
 Poisonous Vapours        Pois/Air       0%         N/A       54%         2
 Static Discharge         Conj/Air       0%         2-2/arc   54%         2
 Mephitic Cloud           Conj/Pois/Air  0%         N/A       78%         3
 Portal Projectile        Hex/Tloc       0%         N/A       78%         3
 Tukima's Dance           Hex            0%         N/A       78%         3
 Vhi's Electric Charge    Tloc/Air       0%         N/A       78%         3
 Dispel Undead            Necr           0%         3d6       99%         4
 Arcjolt                  Conj/Air       0%         1d10      100%        5
 Blade Hands              Tmut           0%         N/A       100%        5
 Lightning Bolt           Conj/Air       0%         1d11      100%        5
 Death Channel            Necr           0%         N/A       100%        6


Dungeon Overview and Level Annotations

Branches:
Dungeon (7/15)             Temple (1/1) D:6

Altars:
Cheibriados
Dithmenos
Elyvilon
Gozag
Kikubaaqudgha
Makhleb
Qazlal
Uskayaw
Xom
Zin
The Shining One

Annotations:
D:7 1 runed translucent door, Crazy Yiuf


Message History

You start waiting.
An orc is nearby!
You closely miss the orc. You hit the orc.
The orc is poisoned.
The orc is moderately wounded.
The orc warrior shoots a bolt.
The bolt hits you!
You hit the orc.
The orc is severely wounded.
You hit the orc.
You kill the orc!
The orc warrior shoots a bolt.
The bolt hits you!!
You hear a shout!
You are too injured to fight recklessly!
You are too injured to fight recklessly!
The orc warrior unwields a +0 arbalest.
The orc warrior wields a +0 trident.
The orc warrior hits you with a +0 trident.
You hit the orc warrior but do no damage.
The orc warrior is poisoned.
You hit the orc warrior but do no damage.
Press: ? - help, Dir - move target, f - orc warrior Heal: an orc warrior, wielding a +0 trident and wearing a +0 chain mail (lightly wounded, very poisoned, chance to pacify: 41%)
The light of Elyvilon fails to reach the orc warrior.
Press: ? - help, Dir - move target, f/p - orc warrior Heal: an orc warrior, wielding a +0 trident and wearing a +0 chain mail (lightly wounded, very poisoned, chance to pacify: 41%)
The light of Elyvilon fails to reach the orc warrior.
You can no longer provide healing for yourself.
The orc warrior hits you with a +0 trident.
The orc hits you with a +0 short sword.
Press: ? - help, Dir - move target, f/p - orc warrior Heal: an orc warrior, wielding a +0 trident and wearing a +0 chain mail (lightly wounded, very poisoned, chance to pacify: 41%)
The light of Elyvilon fails to reach the orc warrior.
The orc warrior hits you with a +0 trident!
* * * LOW HITPOINT WARNING * * *
The orc misses you.
Press: ? - help, Dir - move target, f/p - orc warrior Heal: an orc warrior, wielding a +0 trident and wearing a +0 chain mail (moderately wounded, very poisoned, chance to pacify: 41%)
The orc warrior turns neutral.
You heal the orc warrior.
The orc warrior is completely healed.
The orc warrior hits you with a +0 trident!
You die...

#.# ... #.# ### ######### ..#
##.# #.......### ###.#
##..##########.........###
.##.####............'.........(..
.##.##...############.........###
...>............### #.......###
########.######)@o# #.......#
.....?)#.# ###o# #.......#
######.#.# #o# #.......#
#......#.# ... #.......#
#......#.# o...##.......#
.......#.# .....##########
.....#.#.### .oo...#
...........##......#
#####....####....... ###


You could see an orc priest, an orc and a neutral orc warrior (wandering, very
poisoned).

Vanquished Creatures
  Grinder (D:5)
  Prince Ribbit (D:5)
  Menkaure (D:5)
  2 water moccasins
  A black bear (D:5)
  3 ogres
  A phantom (D:5)
  2 bullfrogs (D:6)
  A necrophage (D:4)
  A scorpion (D:6)
  2 howler monkeys (D:6)
  A jelly (D:6)
  4 hounds
  2 orc priests (D:7)
  2 iguanas
  2 orc wizards (D:6)
  A mummy (D:4)
  3 gnolls (D:6)
  6 adders
  A white imp (D:6)
  3 dart slugs
  7 orcs
  6 ball pythons
  5 endoplasms
  4 giant cockroaches
  9 hobgoblins
  5 jackals
  2 quokkas
  5 bats
  8 frilled lizards
  14 goblins
  9 kobolds
  5 rats
120 creatures vanquished.

Vanquished Creatures (others)
  2 orc wizards (D:6)
2 creatures vanquished.

Grand Total: 122 creatures vanquished

Notes
Turn   | Place    | Note
-------+----------+-------------------------------------------
     0 | D:1      | Lavandula the Human Monk began the quest for the Orb.
     0 | D:1      | Reached XP level 1. HP: 18/18 MP: 1/1
    80 | D:1      | Reached XP level 2. HP: 24/24 MP: 2/2
   197 | D:1      | Reached skill level 1 in Short Blades
   227 | D:1      | Reached XP level 3. HP: 29/29 MP: 3/3
   427 | D:1      | Reached skill level 2 in Short Blades
   882 | D:2      | Found a faded altar of an unknown god.
  1046 | D:2      | Reached XP level 4. HP: 14/35 MP: 4/4
  1764 | D:3      | Reached skill level 3 in Short Blades
  2440 | D:4      | Reached XP level 5. HP: 36/41 MP: 5/5
  2580 | D:4      | Reached skill level 4 in Short Blades
  2922 | D:4      | Found a snail-covered altar of Cheibriados.
  3123 | D:5      | Entered Level 5 of the Dungeon
  3127 | D:5      | Noticed an ogre
  3352 | D:5      | Noticed a black bear
  3422 | D:5      | Reached XP level 6. HP: 36/47 MP: 6/6
  3481 | D:5      | Noticed Menkaure
  3534 | D:5      | Noticed Grinder
  3541 | D:5      | Killed a black bear
  3542 | D:5      | Reached skill level 5 in Short Blades
  3708 | D:5      | Found an opulent altar of Gozag.
  3764 | D:5      | Reached skill level 6 in Short Blades
  3764 | D:5      | Reached XP level 7. HP: 25/52 MP: 7/7
  3906 | D:5      | Noticed Prince Ribbit
  3927 | D:5      | Killed Prince Ribbit
  3928 | D:5      | Reached skill level 7 in Short Blades
  4086 | D:6      | Reached XP level 8. HP: 58/58 MP: 8/8
  4120 | D:6      | Found a staircase to the Ecumenical Temple.
  4134 | D:6      | Reached skill level 8 in Short Blades
  4139 | Temple   | Entered the Ecumenical Temple
  4191 | Temple   | Became a worshipper of Elyvilon the Healer
  4191 | Temple   | Reached * piety under Elyvilon
  4191 | Temple   | Reached ** piety under Elyvilon
  4541 | D:6      | Reached skill level 9 in Short Blades
  5173 | D:7      | Found a runed translucent door.
  5174 | D:7      | Noticed Crazy Yiuf
  5280 | D:7      | Noticed a troll
  5467 | D:5      | Killed Menkaure
  5468 | D:5      | Reached XP level 9. HP: 63/63 MP: 8/10
  6032 | D:5      | Killed Grinder
  6033 | D:5      | Reached skill level 5 in Invocations
  6332 | D:7      | Reached *** piety under Elyvilon
  6457 | D:7      | Found a shimmering altar of Xom.
  6505 | D:7      | Slain by an orc warrior

Illustrated notes

Levels and vault maps discovered:
D:1:      nicolae_arrival_memento_mori, layout_rooms, minmay_shallow_snake_nest
D:2:      cheibrodos_greedy_goblins, layout_loops_ring, basic_ecumenical_altar,
          minivault_25
D:3:      layout_basic, kennysheep_generic_room_9
D:4:      layout_loops_ring, slow_altar_1
D:5:      layout_loops_ring, mainiacjoe_overflow_boulevard, uniq_prince_ribbit1,
          uniq_grinder, uniq_menkaure
D:6:      layout_loops_ring, minmay_temple_entry_drinking_statues,
          hangedman_decor_riveting, kennysheep_generic_room_3
D:7:      layout_basic, brannock_xom_greatest_gift, hex_tiny, amethyst_killhole,
          uniq_crazy_yiuf_cottage
Temple:   eino_temple_scatter_basement

Skill      XL: |  1  2  3  4  5  6  7  8  9 |
---------------+----------------------------+-----
Short Blades   | 1 2 3 4 6 7 9 |  9.8
Invocations    | 2 5 |  5.8
Fighting       | |  3.0
Long Blades    | |  3.7
Dodging        | |  3.8
Stealth        | |  2.0

Action                     |  1- 3 |  4- 6 |  7- 9 || total
---------------------------+-------+-------+-------++-------
  Melee: Falchion          |    36 |     9 |       ||    45
         Punch             |     1 |     2 |     4 ||     7
         Dagger            |    74 |   174 |   274 ||   522
  Throw: Dart              |       |     6 |    14 ||    20
 Invoke: Heal Other        |       |       |     4 ||     4
  Evoke: Wand              |       |       |     1 ||     1
    Use: Scroll            |       |       |     6 ||     6
         Potion            |       |       |     4 ||     4
   Stab: Sleeping          |     4 |     7 |     4 ||    15
         Distracted        |       |       |     1 ||     1
 Armour: Robe              |    12 |     9 |       ||    21
         Leather armour    |       |    10 |    33 ||    43
  Dodge: Dodged            |    81 |    74 |    84 ||   239

Table legend: (Time is in decaauts)
 A = Elapsed time spent in this place.
 B = Non-inter-level travel time spent in this place.
 C = Inter-level travel time spent in this place.
 D = Time resting spent in this place.
 E = Time spent auto-exploring this place.
 F = Levels seen in this place.
 G = Mean time per level.
                   A        B        C        D        E       F      G
               +--------+--------+--------+--------+--------+-----+--------+
         Total |   6328 |   5901 |    427 |    554 |   3867 |   8 |  791.0 |
       Dungeon |   6258 |   5848 |    410 |    554 |   3826 |   7 |  894.0 |
        Temple |     69 |     53 |     16 |      0 |     41 |   1 |   69.0 |
               +--------+--------+--------+--------+--------+-----+--------+

Top non-repeatable levels by time:
     D:4: 1224 daAuts
     D:5: 1136 daAuts
     D:3: 1071 daAuts
     D:6: 919 daAuts
     D:2: 756 daAuts
     D:1: 618 daAuts
     D:7: 531 daAuts
  Temple: 69 daAuts
